 Dungeon Crawl Stone Soup version 0.17-a0-1923-gc35365e (webtiles) character file.

302928 Goblin1989 the Fetichist (level 21, -2/120 HPs)
             Began as a Gargoyle Fighter on Sept 27, 2015.
             Was an Elder of Lugonu.
             Slain by a fire elemental (5 damage)
             ... created by the adversity of Qazlal
             ... on level 3 of the Vaults on Sept 28, 2015.
             The game lasted 04:17:13 (46364 turns).

Goblin1989 the Fetichist (Gargoyle Fighter)        Turns: 46364, Time: 04:17:14

Health: -2/120     AC: 43    Str: 29    XL:     21   Next: 7%
Magic:  0/34       EV: 10    Int: 17    God:    Lugonu [****..]
Gold:   1279       SH:  0    Dex:  9    Spells: 0 memorised, 20 levels left

rFire  + + .     SeeInvis .     a - +10 flail of Olehest {pain, +Inv Int+5}
rCold  + . .     Clarity  .     M - +1 plate armour {rF+}
rNeg   + . .     SustAt   .     t - +1 shield {AC+3}
rPois  ∞         Gourm    .     u - +0 helmet
rElec  +         Spirit   +     x - +1 cloak
rCorr  .         Warding  .     L - +0 pair of gloves
rMut   .         Stasis   .     r - +0 pair of boots (curse)
MR     +....                    i - amulet of guardian spirit
Stlth  ..........               z - ring of Lipsoul {Wiz +Fly rF+}
                                f - ring "Tufaptosh" {rC+ Str+2 Slay+2}

@: confused, exhausted, flying, slowed, studying Maces & Flails, very slow,
somewhat resistant to hostile enchantments, extremely unstealthy
A: big wings, repulsion field 1, frail 1, negative energy resistance 1,
electricity resistance, wild magic 1, unbreathing, petrification resistance, rot
immunity, MP-powered wands, AC +15
a: Stop Flying, Depart the Abyss, Bend Space, Banish, Corrupt, Renounce
Religion, Evoke Invisibility
}: 2/15 runes: decaying, gossamer


You were on level 3 of the Vaults.
You worshipped Lugonu.
Lugonu was greatly pleased with you.
You were very hungry.

You visited 7 branches of the dungeon, and saw 39 of its levels.
You visited the Abyss 3 times.
You also visited: Labyrinth and Ice Cave.

You collected 5141 gold pieces.
You spent 3862 gold pieces at shops.

Inventory:

Hand weapons
 a - the +10 flail of Olehest (weapon) {pain, +Inv Int+5}
   (You found it on level 1 of the Lair of Beasts)

   In the hands of one skilled in necromantic magic, it inflicts extra damage on
   living creatures.
   It affects your intelligence (+5).
   It lets you turn invisible.
Armour
 r - a cursed +0 pair of boots (worn)
 t - a +1 shield of protection (worn)
 u - a +0 helmet (worn)
 x - a +1 cloak (worn)
 L - a +0 pair of gloves (worn)
 M - a +1 plate armour of fire resistance (worn)
Rods
 b - a +1 rod of inaccuracy (3/9)
   (You bought it in a shop on level 3 of the Orcish Mines)
 E - a +3 rod of destruction (5/9)
   (You bought it in a shop on level 3 of the Orcish Mines)
Jewellery
 f - the ring "Tufaptosh" (left hand) {rC+ Str+2 Slay+2}
   (You acquired it on level 12 of the Dungeon)

   [ring of slaying]

   It affects your strength (+2).
   It affects your accuracy and damage with ranged weapons and melee attacks
   (+2).
   It protects you from cold.
 i - an amulet of guardian spirit (around neck)
 m - an uncursed ring of protection from fire
 v - an uncursed amulet of clarity
 z - the ring of Lipsoul (right hand) {Wiz +Fly rF+}
   (You acquired it on level 15 of the Dungeon)

   [ring of wizardry]

   It improves your spell success rate.
   It protects you from fire.
   It lets you fly.
 B - an uncursed ring of positive energy
 I - an uncursed ring of wizardry {unknown}
 J - an uncursed ring of positive energy
 R - an uncursed ring of invisibility
Magical devices
 c - a wand of fire (0)
 d - a wand of draining (4)
 n - a wand of disintegration (15)
 A - a wand of cold (6)
 P - a wand of disintegration (13)
 Q - a wand of confusion (15)
 Y - a wand of lightning (6)
Scrolls
 e - 3 scrolls of magic mapping
 g - 3 scrolls of blinking
 o - 2 scrolls of enchant armour
 y - 16 scrolls of remove curse
 C - 7 scrolls of fog
 D - 2 scrolls of identify
 F - 2 scrolls of immolation
 H - a scroll of summoning
 O - 5 scrolls of amnesia
 T - 4 scrolls of fear
Potions
 h - 6 potions of might
 j - 4 potions of haste
 k - 11 potions of curing
 p - a potion of berserk rage
 K - a potion of cancellation
 N - 5 potions of resistance
 U - 2 potions of ambrosia
 W - 5 potions of agility
Books
 l - a manual of Maces & Flails
Miscellaneous
 q - a disc of storms
 w - a lantern of shadows
 G - a box of beasts
 V - a phial of floods
Comestibles
 s - 11 bread rations


   Skills:
 + Level 15.3 Fighting
 - Level 14.0 Maces & Flails
 - Level 15.1 Armour
 - Level 15.6 Shields
 - Level 15.3 Invocations
 * Level 18.3 Evocations


You had 20 spell levels left.
You didn't know any spells.

Dungeon Overview and Level Annotations

Branches:
Dungeon (15/15)            Temple (1/1) D:4            Lair (8/8) D:9
  Swamp (4/4) Lair:5       Spider (4/4) Lair:6        Slime (0/6) Lair:7
    Orc (4/4) D:12         Vaults (3/5) D:13         Depths (0/5) D:15
    Elf: Orc:3-4      Crypt: Vaults:2-3

Altars:
Ashenzari
Cheibriados
Dithmenos
Elyvilon
Fedhas
Gozag
Kikubaaqudgha
Makhleb
Nemelex Xobeh
Okawaru
Qazlal
Ru
Sif Muna
Trog
Vehumet
Xom
Yredelemnul
Zin
The Shining One
Beogh
Jiyva

Shops:
D:4 %   D:5 *   D:10 *   Orc:3 }   Orc:4 *[

Annotations:
D:4 exclusion: 2 downstairs
D:9 1 runed door
Lair:5 exclusion: 2 downstairs
Orc:4 Saint Roka


Innate Abilities, Weirdness & Mutations

You are resistant to torment.
Your stone body is resilient (AC +15).
You are immune to poison.
Your large and strong wings let you fly indefinitely.
You resist negative energy.
You are resistant to electric shocks.
You can survive without breathing.
You are immune to petrification.
You are immune to rotting.
You are surrounded by a mild repulsion field (EV +2).
You are frail (-10% HP).
Your spells are a little harder to cast, but a little more powerful.
You expend magic power (3 MP) to strengthen your wands.


Message History

* * * LOW HITPOINT WARNING * * *
The air elemental hits you but does no damage.
The fire elemental hits you. The fire elemental burns you! You resist.
* * * LOW HITPOINT WARNING * * *
The air elemental hits you but does no damage.
The fire elemental hits you. The fire elemental burns you! You resist.
* * * LOW HITPOINT WARNING * * *
You can move again.
Drink which item? (? for menu, Esc to quit)
You are confused.
You feel invigorated.
The air elemental hits you but does no damage.
The air elemental hits you.
* * * LOW HITPOINT WARNING * * *
The air elemental barely misses you. The fire elemental hits you.
The fire elemental burns you! You resist.
* * * LOW HITPOINT WARNING * * *
The air elemental barely misses you. The fire elemental hits you.
The fire elemental burns you! You resist.
You die...

#. #. #. #######
#########. #.....#
#.......'. #.....#
#.......'. #.....#
#.......#.
#...(E#######.......#.
#....@E(((....#######.
.....#######.(...# #.
.... #...(.# ## ..
#.....# #.....#
####'## ### ##.#######
#......#
....#...#....#
#......# #.....#...#


You could see a fire elemental and an air elemental.

Vanquished Creatures
  A profane servitor (Abyss:1)
  A bone dragon (Abyss:1)
  A lich (Abyss:1)
  Jorgrun (Swamp:4)
  Rupert (Lair:3)
  Asterion (Lair:6)
  3 air elementals
  2 sphinxes
  A water elemental (Vaults:1)
  A sphinx (shapeshifter) (Vaults:2)
  A draconian monk (Abyss:1)
  A tengu reaver (D:15)
  3 thorn hunters
  6 tentacled starspawn
  Donald (Orc:4)
  A fire giant (Vaults:3)
  4 vault wardens
  2 deep elf sorcerers
  An orc warlord (Vaults:1)
  An azure jelly (shapeshifter) (D:15)
  2 frost giants
  7 emperor scorpions
  7 ghost moths
  6 ironheart preservers
  2 very ugly things (Swamp:3)
  A stone giant (Vaults:3)
  Nessos (D:14)
  A salamander stormcaller (Vaults:2)
  A lorocyproca (Abyss:2)
  2 deep elf demonologists
  4 earth elementals
  A blizzard demon (Abyss:2)
  A deep elf death mage (Vaults:3)
  An eidolon (Abyss:1)
  4 ogre magi
  A minotaur (Lab)
  4 fire dragons
  5 yaktaur captains
  2 entropy weavers (Spider:3)
  2 rakshasas
  3 great orbs of eyes
  An ice dragon (D:15)
  27 hydras
  The ghost of Pikaro the Grappler, a powerful DrTm of Qazlal (Lair:1)
  A ghost crab (Swamp:4)
  7 alligators
  5 centaur warriors
  A deep troll shaman (Vaults:1)
  2 catoblepae
  6 death yaks
  3 tengu warriors
  2 deep troll earth magi (Vaults:1)
  A sun demon (Abyss:2)
  2 fire crabs
  2 thrashing horrors (Abyss:2)
  Nergalle (D:12)
  6 wretched stars
  2 shadow wraiths
  7 deep trolls
  6 skeletal warriors
  2 giant orange brains
  12 swamp dragons
  An unseen horror (shapeshifter) (D:15)
  4 spriggan druids
  An ice statue (IceCv)
  A deep elf conjurer (Vaults:3)
  3 shambling mangroves
  2 lindwurms (Lair:8)
  An anubis guard (shapeshifter) (Vaults:3)
  4 unseen horrors
  7 ironbrand convokers
  8 harpies
  16 orc knights
  An orb spider (shapeshifter) (Vaults:3)
  8 hill giants
  A wolf spider zombie (D:15)
  21 ugly things
  The ghost of Appriser the Transmogrifier, an experienced DrTm of Ru (D:5)
  27 wolf spiders
  A wizard (Vaults:2)
  A hornet (Swamp:1)
  An orc sorcerer (Vaults:2)
  20 orb spiders
  A manticore (shapeshifter) (D:13)
  An octopode (shapeshifter) (D:13)
  3 griffons
  2 manticores
  A sixfirhy (Abyss:2)
  3 worldbinders
  5 vault sentinels
  A guardian serpent (Abyss:2)
  An apocalypse crab (Abyss:1)
  8 cyclopes
  5 centaur zombies
  13 elephants
  2 molten gargoyles (Lair:3)
  21 spiny frogs
  5 black mambas
  A guardian serpent (shapeshifter) (D:15)
  12 large abominations
  A centaur skeleton (D:14)
  7 torpor snails (Lair:8)
  A hellion (Abyss:1)
  A gargoyle (D:14)
  9 komodo dragons
  A hellwing (Abyss:1)
  3 smoke demons (Abyss:1)
  4 fire drakes
  2 kobold demonologists (Abyss:1)
  An efreet (D:15)
  A harpy zombie (Abyss:1)
  23 yaktaurs
  A two-headed ogre (shapeshifter) (Vaults:3)
  9 trolls
  8 demonic crawlers
  10 two-headed ogres
  3 ancient zymes
  9 giant leeches
  3 deep elf priests
  12 polar bears (IceCv)
  14 raiju
  39 slime creatures
  A wind drake (shapeshifter) (D:13)
  27 jumping spiders
  3 boulder beetles
  A jumping spider (shapeshifter) (Vaults:1)
  5 bog bodies
  14 small abominations
  3 wraiths
  4 ynoxinuls
  2 shadows
  10 blink frogs
  A flying skull (Abyss:2)
  A centaur simulacrum (D:14)
  36 redbacks
  17 tarantellas
  7 spriggans
  25 trapdoor spiders
  A vampire (D:15)
  7 hippogriffs
  40 yaks
  3 fire elementals
  3 chaos spawn
  3 deep elf magi
  4 neqoxecs
  A hungry ghost (D:11)
  6 deep elf fighters
  46 vampire mosquitoes
  4 wargs
  6 basilisks
  A human (D:7)
  A wyvern (D:12)
  Edmund (D:4)
  17 insubstantial wisps
  A spatial vortex (Abyss:1)
  22 swamp worms
  20 wolves
  19 water moccasins
  9 porcupines
  13 ice beasts
  14 swamp drakes
  3 eyes of draining
  18 spiders
  6 sky beasts
  4 starcursed masses
  2 ogres (shapeshifter)
  56 orc warriors
  16 wasps
  2 black bears
  A necrophage (D:12)
  4 phantoms
  22 centaurs
  30 ogres
  12 crocodiles
  2 big kobolds
  5 brain worms
  17 giant frogs
  A wyvern skeleton (D:8)
  A wyvern zombie (D:11)
  17 killer bees
  4 scorpions
  16 wights
  A giant frog zombie (D:11)
  4 iron imps
  9 crimson imps
  5 lava snakes (Lair:3)
  5 electric eels
  32 orc priests
  A wyvern simulacrum (D:14)
  8 hounds
  3 jellies
  17 orc wizards
  11 worker ants
  2 giant frog skeletons
  8 iguanas
  A boulder beetle simulacrum (Vaults:1)
  43 sheep
  A naga skeleton (Abyss:2)
  A worker ant zombie (D:8)
  Robin (D:3)
  10 adders
  7 gnolls
  20 river rats
  5 white imps
  10 shadow imps
  An ooze (D:2)
  3 ufetubi
  An adder skeleton (D:5)
  An adder zombie (D:7)
  21 worms
  6 giant geckos
  204 orcs
  3 bats
  10 giant cockroaches
  15 goblins
  6 hobgoblins
  10 jackals
  2 quokkas
  6 giant newts
  22 kobolds
  A quokka skeleton (D:6)
  9 rats
  3 briar patches (Swamp:4)
  2 crawling corpses (Vaults:1)
  53 fungi
  38 plants
  13 starspawn tentacles
  2 starspawn tentacle segments (Abyss:1)
1841 creatures vanquished.

Vanquished Creatures (collateral kills)
  An air elemental (Vaults:1)
  An earth elemental (Vaults:1)
  2 orb spiders (Spider:4)
  A jumping spider (Spider:4)
  A trapdoor spider (Spider:4)
6 creatures vanquished.

Vanquished Creatures (others)
  An ogre mage (Vaults:2)
  A shadow wraith (Vaults:2)
  An orb spider (Spider:4)
  A komodo dragon (Lair:8)
  A spiny frog (Swamp:1)
  A fire drake (Swamp:4)
  A wolf (IceCv)
  An orc warrior (Vaults:2)
  An iguana (Lair:5)
  An orc (D:10)
  A fire vortex (Vaults:2)
  15 fungi
  A lurking horror (Abyss:2)
  13 plants
  20 starspawn tentacles
  543 starspawn tentacle segments
603 creatures vanquished.

Grand Total: 2450 creatures vanquished

Notes
Turn   | Place    | Note
--------------------------------------------------------------
     0 | D:1      | Goblin1989 the Gargoyle Fighter began the quest for the Orb.
     0 | D:1      | Reached XP level 1. HP: 14/14 MP: 1/1
   423 | D:1      | Reached XP level 2. HP: 17/19 MP: 2/2
   886 | D:2      | Found a deep blue altar of Sif Muna.
  1065 | D:2      | Reached XP level 3. HP: 16/23 MP: 3/3
  1148 | D:2      | Found a basalt altar of Yredelemnul.
  1272 | D:2      | Reached skill level 4 in Maces & Flails
  1604 | D:2      | Reached XP level 4. HP: 28/28 MP: 4/4
  1760 | D:3      | Found a glowing silver altar of Zin.
  1760 | D:3      | Noticed Robin
  1797 | D:3      | Killed Robin
  2357 | D:4      | Noticed a sky beast
  2370 | D:4      | Killed a sky beast
  2370 | D:4      | Reached skill level 5 in Maces & Flails
  2370 | D:4      | Reached XP level 5. HP: 27/32 MP: 5/5
  2380 | D:4      | Found Uwkongeemm's Food Shop.
  2491 | D:4      | Found a staircase to the Ecumenical Temple.
  2492 | D:4      | Noticed Edmund
  2505 | D:4      | Killed Edmund
  2505 | D:4      | Reached skill level 6 in Maces & Flails
  2505 | D:4      | Reached XP level 6. HP: 37/37 MP: 6/6
  2520 | Temple   | Entered the Ecumenical Temple
  2529 | Temple   | Became a worshipper of Qazlal Stormbringer
  2550 | D:4      | Found a shattered altar of Ashenzari.
  2741 | D:4      | Found an iron altar of Okawaru.
  2824 | D:5      | Entered Level 5 of the Dungeon
  2847 | D:5      | Noticed Appriser's ghost (experienced DrTm)
  2982 | D:5      | Found Vyufaim's General Store.
  2997 | D:5      | Reached skill level 7 in Maces & Flails
  2998 | D:5      | Bought a scroll of identify for 24 gold pieces
  2998 | D:5      | Bought a scroll of identify for 24 gold pieces
  3016 | D:5      | Reached XP level 7. HP: 12/41 MP: 5/7
  3370 | D:6      | Reached skill level 8 in Maces & Flails
  3391 | D:6      | Gained mutation: You are surrounded by a mild repulsion field (EV +2). [potion of beneficial mutation]
  3392 | D:6      | Gained mutation: Your mind is acute. (Int +2) [potion of beneficial mutation]
  3882 | D:6      | Reached XP level 8. HP: 45/48 MP: 8/8
  4141 | D:6      | Reached skill level 9 in Maces & Flails
  4481 | D:7      | Acquired Qazlal's first power
  4481 | D:7      | Reached skill level 5 in Fighting
  4688 | D:7      | Reached skill level 10 in Maces & Flails
  4699 | D:7      | Found a snail-covered altar of Cheibriados.
  4986 | D:7      | Reached XP level 9. HP: 47/55 MP: 9/9
  5389 | D:8      | Reached skill level 11 in Maces & Flails
  5409 | D:8      | Acquired Qazlal's second power
  5850 | D:8      | Found a glowing golden altar of the Shining One.
  6028 | D:8      | Reached skill level 12 in Maces & Flails
  6168 | D:5      | Reached XP level 10. HP: 55/64 MP: 10/10
  6198 | D:5      | Acquired Qazlal's third power
  6236 | D:5      | Found a bloodstained altar of Trog.
  6344 | D:5      | Killed Appriser's ghost
  6367 | D:5      | Got a fine whip
  6368 | D:5      | Identified the +3 whip "Backscratcher" {slash, rN+ Dex+2} (You found it on level 5 of the Dungeon)
  6636 | D:9      | Found a staircase to the Lair.
  6850 | D:9      | Found a runed door.
  7065 | D:9      | Got a shadowed robe
  7076 | D:9      | Identified the +1 robe "Luycucam" {MR+ Dex+3} (You found it on level 9 of the Dungeon)
  7221 | D:9      | Found a burning altar of Makhleb.
  7504 | Lair:1   | Entered Level 1 of the Lair of Beasts
  7504 | Lair:1   | Noticed Pikaro's ghost (powerful DrTm)
  7520 | Lair:1   | Reached skill level 5 in Armour
  7535 | Lair:1   | Killed Pikaro's ghost
  7677 | Lair:1   | Reached skill level 10 in Fighting
  7738 | Lair:1   | Acquired Qazlal's fourth power
  7783 | Lair:1   | Reached XP level 11. HP: 72/72 MP: 11/11
  7896 | Lair:1   | Reached skill level 1 in Invocations
  8008 | Lair:1   | Got a transparent flail
  8009 | Lair:1   | Identified the +10 flail of Olehest {pain, +Inv Int+5} (You found it on level 1 of the Lair of Beasts)
  8563 | Lair:2   | Reached skill level 13 in Maces & Flails
  8724 | Lair:2   | Reached skill level 5 in Invocations
  9085 | Lair:3   | Acquired Qazlal's fifth power
  9132 | Lair:3   | Noticed Rupert
  9132 | Lair:3   | Paralysed by Rupert for 2 turns
  9149 | Lair:3   | Killed Rupert
  9149 | Lair:3   | Reached XP level 12. HP: 77/77 MP: 9/16
  9238 | Lair:3   | Reached skill level 14 in Maces & Flails
 10064 | Lair:4   | Noticed a six-headed hydra
 10073 | Lair:4   | Killed a six-headed hydra
 10073 | Lair:4   | Reached skill level 5 in Shields
 10081 | Lair:4   | Noticed a seven-headed hydra
 10087 | Lair:4   | Killed a seven-headed hydra
 10135 | Lair:4   | Reached skill level 10 in Armour
 10312 | Lair:4   | Noticed a five-headed hydra
 10340 | Lair:4   | Killed a five-headed hydra
 10340 | Lair:4   | Reached skill level 1 in Evocations
 10729 | Lair:5   | Found a staircase to the Swamp.
 10924 | Lair:5   | Noticed a four-headed hydra
 10932 | Lair:5   | Killed a four-headed hydra
 10932 | Lair:5   | Reached XP level 13. HP: 68/82 MP: 18/18
 11386 | Lair:6   | Found a hole to the Spider Nest.
 11513 | Lair:6   | Reached skill level 5 in Evocations
 11996 | Lair:7   | Found a frozen archway.
 12019 | IceCv    | Entered an ice cave
 12240 | IceCv    | Noticed a frost giant
 12269 | IceCv    | Killed a frost giant
 12453 | IceCv    | Reached skill level 10 in Shields
 12933 | Lair:7   | Found a staircase to the Slime Pits.
 12934 | Lair:7   | Found a viscous altar of Jiyva.
 13171 | Lair:7   | Gained mutation: Your large and strong wings let you fly indefinitely. [Gargoyle growth]
 13171 | Lair:7   | Reached XP level 14. HP: 88/88 MP: 20/20
 13465 | Lair:8   | Entered Level 8 of the Lair of Beasts
 14094 | Lair:8   | Found a runed door.
 14167 | Lair:8   | Reached skill level 10 in Invocations
 15927 | D:10     | Entered Level 10 of the Dungeon
 16052 | D:10     | Found Vixat's General Store.
 16065 | D:10     | Bought a scroll of magic mapping for 49 gold pieces
 17098 | D:11     | Reached XP level 15. HP: 89/92 MP: 22/22
 17107 | D:11     | Reached skill level 10 in Evocations
 17141 | D:11     | Found a labyrinth entrance.
 17167 | Lab      | Entered a labyrinth
 17856 | D:12     | Found a staircase to the Orcish Mines.
 17873 | D:12     | Noticed Nergalle
 17890 | D:12     | Killed Nergalle
 18142 | D:12     | Identified a scroll of acquirement
 18146 | D:12     | Got a faintly glowing steel ring
 18148 | D:12     | Identified the ring "Tufaptosh" {rC+ Str+2 Slay+2} (You acquired it on level 12 of the Dungeon)
 18259 | Orc:1    | Entered Level 1 of the Orcish Mines
 18453 | Orc:2    | Found a burning altar of Makhleb.
 19075 | Orc:3    | Found Koeqoo's Gadget Emporium.
 19084 | Orc:3    | Bought a phial of floods for 720 gold pieces
 19084 | Orc:3    | Bought a +1 rod of inaccuracy (9/9) for 1350 gold pieces
 19568 | Orc:4    | Entered Level 4 of the Orcish Mines
 19670 | Orc:4    | Found a roughly hewn altar of Beogh.
 19797 | Orc:4    | Found Weaceuli's Antique Armour Boutique.
 19803 | Orc:4    | Found Lefep's Assorted Antiques.
 19812 | Orc:4    | Bought a scroll of identify for 60 gold pieces
 19812 | Orc:4    | Bought a scroll of magic mapping for 105 gold pieces
 20466 | Orc:4    | Noticed Donald
 20502 | Orc:4    | Killed Donald
 20518 | Orc:4    | Noticed Saint Roka
 21443 | Swamp:1  | Entered Level 1 of the Swamp
 21814 | Swamp:1  | Noticed a thorn hunter
 21831 | Swamp:1  | Killed a thorn hunter
 22463 | Swamp:2  | Reached XP level 16. HP: 78/97 MP: 22/24
 23602 | Swamp:3  | Reached skill level 15 in Shields
 23991 | Swamp:4  | Entered Level 4 of the Swamp
 24293 | Swamp:4  | Noticed a thorn hunter
 24312 | Swamp:4  | Killed a thorn hunter
 24790 | Swamp:4  | Noticed Jorgrun
 25086 | Spider:1 | Entered Level 1 of the Spider Nest
 25381 | Spider:1 | Noticed Asterion
 25424 | Lair:6   | Killed Asterion
 26006 | Spider:1 | You are sucked into a shaft!
 26445 | Spider:2 | Reached XP level 17. HP: 99/104 MP: 24/26
 27838 | Spider:4 | Entered Level 4 of the Spider Nest
 29437 | Swamp:4  | Noticed a thorn hunter
 29447 | Swamp:4  | Killed a thorn hunter
 29454 | Swamp:4  | Killed Jorgrun
 29519 | Swamp:4  | Got a decaying rune of Zot
 29859 | Swamp:2  | You are sucked into a shaft!
 30960 | D:13     | Found a gate to the Vaults.
 31514 | D:13     | You are sucked into a shaft!
 31860 | D:14     | Noticed Nessos
 31878 | D:14     | Killed Nessos
 31888 | D:14     | Reached XP level 18. HP: 110/114 MP: 28/28
 32412 | D:15     | Entered Level 15 of the Dungeon
 32484 | D:15     | Got an ancient golden ring
 32486 | D:15     | Identified the ring of Lipsoul {Wiz +Fly rF+} (You acquired it on level 15 of the Dungeon)
 33443 | D:15     | Reached skill level 15 in Evocations
 33476 | D:15     | Found a glowing golden altar of the Shining One.
 33547 | D:15     | Found a blossoming altar of Fedhas.
 33619 | D:15     | Found a blossoming altar of Fedhas.
 33740 | D:15     | Found a staircase to the Depths.
 35337 | Spider:4 | Reached skill level 15 in Fighting
 35839 | Spider:4 | Got a gossamer rune of Zot
 35852 | Spider:4 | Reached XP level 19. HP: 121/124 MP: 30/30
 36305 | D:13     | Gained mutation: Your spells are a little harder to cast, but a little more powerful. [potion of beneficial mutation]
 36307 | Vaults:1 | Entered Level 1 of the Vaults
 36813 | Vaults:1 | Reached skill level 16 in Evocations
 36857 | Vaults:1 | Found a roughly hewn altar of Beogh.
 37266 | Vaults:1 | Cast into the Abyss (a deep elf demonologist)
 37340 | Abyss:1  | Gained mutation: You are frail (-10% HP). [a neqoxec]
 37405 | Abyss:1  | Paralysed by accursed screaming for 2 turns
 37411 | Abyss:1  | Paralysed by accursed screaming for 2 turns
 37679 | Abyss:1  | Noticed a lich
 37692 | Abyss:1  | Killed a lich
 37762 | Abyss:1  | Paralysed by you for 5 turns
 38278 | Abyss:1  | Noticed a bone dragon
 38356 | Abyss:1  | Reached skill level 15 in Invocations
 38412 | Abyss:1  | Noticed a bone dragon
 38429 | Abyss:1  | Killed a bone dragon
 38532 | Abyss:1  | Noticed a bone dragon
 38588 | Abyss:1  | Noticed a bone dragon
 38617 | Abyss:1  | Noticed a profane servitor
 38643 | Abyss:1  | Killed a profane servitor
 38847 | Abyss:2  | Gained mutation: You expend magic power (3 MP) to strengthen your wands. [a neqoxec]
 39088 | Abyss:2  | Lost mutation: Your mind is acute. (Int +2) [a neqoxec]
 39279 | Abyss:2  | Reached XP level 20. HP: 45/116 MP: 29/32
 39376 | Abyss:2  | Found a corrupted altar of Lugonu.
 39393 | Abyss:2  | Fell from the grace of Qazlal
 39393 | Abyss:2  | Became a worshipper of Lugonu the Unformed
 39393 | Abyss:2  | Acquired Lugonu's first power
 39394 | Vaults:1 | Escaped the Abyss
 39698 | D:13     | Upgraded the game from 0.17-a0-1920-gafa4d75 to 0.17-a0-1923-gc35365e
 40807 | Vaults:1 | Reached skill level 17 in Evocations
 41615 | Vaults:2 | Paralysed by a great orb of eyes for 2 turns
 41900 | Vaults:2 | Acquired Lugonu's second power
 42774 | Vaults:2 | Acquired Lugonu's third power
 42844 | Vaults:2 | Cast into the Abyss (a deep elf sorcerer)
 42851 | Vaults:2 | Escaped the Abyss
 42871 | Vaults:3 | Cast into the Abyss (a deep elf sorcerer)
 42872 | Vaults:3 | Escaped the Abyss
 43900 | Orc:3    | Bought a +3 rod of destruction (9/9) for 1530 gold pieces
 44405 | Vaults:2 | Paralysed by a sphinx for 4 turns
 44561 | Vaults:2 | Paralysed by an orc sorcerer for 7 turns
 44582 | Vaults:2 | Reached skill level 15 in Armour
 44906 | Vaults:3 | Reached skill level 18 in Evocations
 45641 | Vaults:2 | Paralysed by a great orb of eyes for 2 turns
 46022 | Vaults:3 | Reached XP level 21. HP: 78/120 MP: 23/34
 46046 | Vaults:3 | Acquired Lugonu's fourth power
 46363 | Vaults:3 | HP: 1/120 [fire elemental[the adversity of Qazlal] (7)]
 46364 | Vaults:3 | Slain by a fire elemental

Vault maps used:
D:1:      lemuel_arrival_river_bridge
D:2:      yredelemnul_altar_generic, old_standard_altar, uniq_crazy_yiuf_cottage
D:3:      nicolae_overflow_crystal_walls, uniq_robin
D:4:      okawaru_ov_weapons_minmay, evilmike_ruin_ashenzari,
          minmay_temple_entry_statues_fountains, serial_shops,
          nicolae_shop_crystal, uniq_edmund
D:5:      lemuel_coloured_pillars_altar, serial_shops, shop, first_bread
D:7:      grunt_livestock, cheibrodos_worm_habitat
D:8:      basic_altar
D:9:      makhleb_heckhound_becter, lair_0_dummy, lightli_church_of_beogh
D:10:     serial_shops, nicolae_shop_temple_entry_statues_fountains,
          minmay_fountain_box, hangedman_abyss_or_decor_stagger,
          hangedman_minor_magic
D:11:     lab_entry_generic
D:12:     orc_0_dummy, uniq_nergalle
D:13:     david_vaults_2
D:14:     infiniplex_staircase_star, uniq_nessos
D:15:     grunt_enter_depths_hoard, serial_glass, glass_columns_a,
          glass_columns_a, nicolae_tso_carved_into_rock, jmf_multi_god_temple
Temple:   nicolae_temple_no_exploring_needed
Lair:3:   cheibrodos_magma_flow, grunt_megastairs_5, uniq_rupert
Lair:5:   minmay_swamp_entry_reptiles
Lair:6:   nicolae_spider_entry_non_spiders, infiniplex_staircase_pool_2,
          serial_bayou_shore_a, lemuel_fruit_tree
Lair:7:   slime_altar_1, portal_ice_cave_entry_ice_beasts
Lair:8:   hangedman_lair_in_review, wormcave
Swamp:1:  nicolae_swamp_feature_on_the_river_bank, swamp_pool3
Swamp:2:  evilmike_swamp_ruin_house_1
Swamp:3:  evilmike_swamp_ruin_rubble_2, swamp_pool1, hangedman_swamp_muck
Swamp:4:  swamp_alternative, uniq_jorgrun
Spider:1: uniq_asterion
Spider:2: nicolae_spider_webbed_stairs
Spider:4: grunt_spider_rune_circles
Orc:2:    orc_temple, basic_altar
Orc:3:    serial_shops, shop, nicolae_orc_pool_cavern
Orc:4:    pubby_orc_utopia, serial_shops, uniq_donald
Vaults:1: special_room_vaults, nicolae_vaults_windows_and_doors_thing,
          v_alt_pattern_3, ontoclasm_vaults_loading_screen
Vaults:2: nicolae_vaults_c_with_doors, grunt_vaults_twisty, vaults_mumra_hex,
          ontoclasm_vaults_loading_screen, vaults_mumra_chevron_long,
          nicolae_vaults_little_squares_2, hangedman_vaults_cutoff,
          nicolae_vaults_theta, hangedman_vaults_nodes,
          nicolae_vaults_mini_display_case, hangedman_vaults_nails,
          nicolae_vaults_gold_heap, nicolae_vaults_asterisk
Vaults:3: v_alt_pattern_3, v_misc_15, hangedman_vaults_stitches, v_misc_24,
          nicolae_vaults_triangles, minmay_crypt_entry_skeletal_spiral,
          serial_ice_h, st_more_cells, vaults_room_ringed_pool, v_misc_26,
          vaults_dpeg_hooks, nicolae_vaults_ring_of_whatevers, v_pattern_5,
          v_rooms_3, ontoclasm_vaults_ligature, nicolae_vaults_circle_grid_b
Lab:      nicolae_lab_swirl, nicolae_lab_hexagon
IceCv:    ice_cave_small_giant

Action                   |  1- 3 |  4- 6 |  7- 9 | 10-12 | 13-15 | 16-18 | 19-21 || total
-------------------------+-------+-------+-------+-------+-------+-------+-------++-------
Melee: Flail             |   135 |   157 |   513 |   407 |  1868 |  1935 |  1942 ||  6957
       Whip              |       |       |       |   218 |       |       |       ||   218
Invok: Upheaval          |       |       |       |     4 |       |    11 |       ||    15
       Disaster Area     |       |       |       |       |       |       |     2 ||     2
       Elemental Force   |       |       |       |       |       |       |     1 ||     1
       Depart the Abyss  |       |       |       |       |       |       |     3 ||     3
 Abil: Fly               |       |       |       |       |     2 |     2 |       ||     4
Evoke: Wand              |       |       |       |    20 |    12 |     9 |    11 ||    52
       Rod               |       |       |       |       |     2 |    27 |    24 ||    53
       Phial of floods   |       |       |       |       |       |     1 |     2 ||     3
       Disc of storms    |       |       |       |       |       |       |     8 ||     8
  Use: Potion            |       |     1 |     2 |     4 |     6 |     2 |    11 ||    26
       Scroll            |       |       |    10 |     9 |    18 |     6 |    12 ||    55
 Stab: Confused          |       |       |       |     2 |       |     4 |       ||     6
       Distracted        |       |       |       |       |       |       |     1 ||     1
  Eat: Chunk             |     1 |     1 |     6 |    17 |    19 |    11 |     4 ||    59
       Bread ration      |       |     2 |       |       |     3 |     3 |     4 ||    12
       Pizza             |       |       |       |       |     1 |     1 |       ||     2
       Fruit             |       |       |       |       |     1 |     2 |     3 ||     6
       Beef jerky        |       |       |       |       |     1 |     2 |     1 ||     4
       Meat ration       |       |       |       |       |     1 |     3 |     3 ||     7
